 Dungeon Crawl Stone Soup version 0.22.0-16-gc6d26f6 (webtiles) character file.

3512 sking99 the Fighter (level 10, -3/88 HPs)
             Began as an Octopode Transmuter on Aug 17, 2018.
             Was a High Priest of Ru.
             Slain by a manticore (7 damage)
             ... on level 9 of the Dungeon.
             The game lasted 00:34:25 (13578 turns).

sking99 the Fighter (Octopode Transmuter)          Turns: 13578, Time: 00:34:26

Health: -3/88      AC:  6    Str: 11    XL:     10   Next: 8%
Magic:  24/26      EV: 15    Int: 15    God:    Ru [*****.]
Gold:   1240       SH:  0    Dex: 15    Spells: 9/19 levels left

rFire    x . .     SeeInvis .     - Unarmed
rCold    + + +     Gourm    .   (helmet currently unavailable)
rNeg     + . .     Faith    .   (no amulet)
rPois    +         Spirit   .   s - ring of positive energy
rElec    .         Reflect  .   j - ring of wizardry
rCorr    .         Harm     .   t - ring of protection from magic
MR       +....                  u - ring of magical power
Stlth    ..........             (no ring)
HPRegen  0.24/turn              (no ring)
MPRegen  0.20/turn              (no ring)

@: ice-form, barbed spikes
A: large, almost no armour, stealthy swim, amphibious, 7 rings, (constrict 7),
missing a hand, no stealth, inexperienced 1
a: End Transformation, Draw Out Power, Power Leap, Apocalypse, Renounce Religion


You were on level 9 of the Dungeon.
You worshipped Ru.
Ru was extremely pleased with you.
You were not hungry.
You were a creature of crystalline ice.
You visited 1 branch of the dungeon, and saw 9 of its levels.
You also visited: Bailey.

You collected 1312 gold pieces.
You spent 72 gold pieces at shops.

Inventory:

Missiles
 a - 119 arrows
 d - 4 throwing nets (quivered)
Jewellery
 j - a ring of wizardry (right front paw)
 s - a ring of positive energy (left front paw)
 t - a ring of protection from magic (on tentacle)
 u - a ring of magical power (on tentacle)
Wands
 k - a wand of acid (15)
 l - a wand of disintegration (15)
 q - a wand of enslavement (8)
 w - a wand of polymorph (13)
 z - a wand of iceblast (18)
Scrolls
 e - 3 scrolls of fear
 i - 2 scrolls of amnesia
 o - a scroll of blinking
 p - 2 scrolls of identify
 r - a scroll of teleportation
 x - a scroll of remove curse
Potions
 b - a potion of might
 f - a potion of agility
 g - 2 potions of flight
 h - 2 potions of berserk rage
 m - 2 potions of curing
 n - a potion of ambrosia {unknown}
Comestibles
 c - 19 rations
 v - 5 chunks of flesh


   Skills:
 + Level 9.0 Fighting
 - Level 8.0 Dodging
 + Level 8.1 Unarmed Combat
 - Level 5.3 Spellcasting
 - Level 7.0 Transmutations
 - Level 4.0 Ice Magic
 - Level 2.0 Poison Magic


You had 9 spell levels left.
You knew the following spells:

 Your Spells              Type           Power        Failure   Level  Hunger
a - Ice Form              Ice/Tmut       ###.....     6%          4    ####...
b - Sticks to Snakes      Tmut           ####....     1%          2    ##.....
c - Spider Form           Tmut/Pois      ###.......   3%          3    ###....
d - Confusing Touch       Hex            #.....       6%          1    None

Your spell library contained the following spells:

 Spells                   Type           Power        Failure   Level  Hunger
 Bolt of Magma            Conj/Fire/Erth #.........   85%         5    ######.
 Confuse                  Hex            #.......     19%         3    ###....
 Venom Bolt               Conj/Pois      #.........   71%         5    ######.
 Iron Shot                Conj/Erth      #.........   100%        6    #######
 Blade Hands              Tmut           ####......   10%         5    ######.
 Metabolic Englaciation   Hex/Ice        ##........   56%         5    ######.
 Petrify                  Tmut/Erth      ##......     16%         4    ####...
 Orb of Destruction       Conj           #.........   100%        7    #######
 Beastly Appendage        Tmut           ####..       1%          1    None
 Iskenderun's Battlesphe  Conj/Chrm      #.......     85%         5    ######.
 Spellforged Servitor     Conj/Summ      #.........   100%        7    #######
 Gell's Gravitas          Tloc           #.........   19%         3    ###....
 Yara's Violent Unravell  Hex/Tmut       ##........   38%         5    ######.


Dungeon Overview and Level Annotations

Branches:
Dungeon (9/15)             Temple (0/1) D:7             Orc (0/2) D:9
   Lair: D:8-11

Altars:
Ashenzari
Qazlal
Ru
Uskayaw

Shops:
D:8 *   D:9 (


Innate Abilities, Weirdness & Mutations

You cannot wear most types of armour.
You are very stealthy in the water. (Stealth+)
You are amphibious.
You can wear up to seven rings at the same time.
((You can use your tentacles to constrict seven enemies at once.))
((Your skin changes colour to match your surroundings (Stealth+).))
((Your rubbery body absorbs attacks. (AC +1, EV +1)))
You are missing a hand.
You cannot be stealthy.
You are somewhat inexperienced. (-2 XL)


Message History

You barely miss the manticore.
The manticore is lightly wounded.
The manticore completely misses you.
The manticore claws you but does no damage.
The manticore closely misses you.
You hit the manticore but do no damage.
The manticore is lightly wounded.
You hit the manticore. You freeze the manticore.
The manticore is moderately wounded.
The manticore bites you!!
The manticore claws you but does no damage. x2
You hit the manticore. You freeze the manticore.
The manticore is heavily wounded.
The manticore bites you!
* * * LOW HITPOINT WARNING * * *
The manticore claws you!
* * * LOW HITPOINT WARNING * * *
You focus your will and illuminate the manticore in retribution!
The manticore claws you!
You die...

#...........#.....
#...........#.....
#......))...#'##.#
########.......#+#
#.......#.. #..(....#..
#.......#.. ###############
#.......#.. ............Y.#
#.......#.. .........##H#.#
#.......'..
.##.....#[#####.......#..
.)....)..##.#.....#########..
..#..##..#..#.....#..........
#. #..##..#.....#...<......
.. #..#...#.....#..........
#. ..##...#.....#.......... #
#.. ..#.#.....#..........


You could see a manticore.

Vanquished Creatures
  Harold (D:8)
  A centaur warrior (D:9)
  Psyche (D:8)
  2 trolls
  2 hippogriffs (D:9)
  5 yaks (D:8)
  Eustachio (D:5)
  2 steam dragons
  Duvessa (D:7)
  A sky beast (D:8)
  6 orc warriors
  2 black bears
  4 ice beasts
  3 ogres
  3 phantoms
  2 centaurs
  Blork the orc (D:6)
  A bullfrog (D:8)
  Dowan (D:7)
  3 scorpions
  6 killer bees
  4 wights (D:8)
  2 howler monkeys
  7 crimson imps
  A jelly (D:5)
  3 bullfrog zombies
  A centaur zombie (D:6)
  5 hounds
  6 orc priests
  A gnoll shaman (D:5)
  A bullfrog skeleton (D:4)
  10 orc wizards
  An iguana (D:6)
  Ijyb (D:5)
  10 worker ants
  2 hound zombies
  13 gnolls
  8 adders
  A white imp (D:8)
  3 adder zombies
  An adder skeleton (D:4)
  2 worms
  A dart slug (D:1)
  5 leopard geckos
  48 orcs
  7 giant cockroaches
  8 goblins
  8 hobgoblins
  6 jackals
  17 kobolds
  3 quokkas
  A ball python (D:3)
  6 bats
  9 frilled lizards
  A jackal zombie (D:6)
  6 rats
258 creatures vanquished.

Vanquished Creatures (others)
  An iguana (D:6)
  An orc (D:8)
  3 plants (D:6)
5 creatures vanquished.

Grand Total: 263 creatures vanquished

Notes
Turn   | Place    | Note
-------+----------+-------------------------------------------
     0 | D:1      | sking99 the Octopode Transmuter began the quest for the Orb.
     0 | D:1      | Reached XP level 1. HP: 13/13 MP: 3/3
   325 | D:1      | Reached XP level 2. HP: 17/18 MP: 5/5
   329 | D:1      | Learned a level 2 spell: Sticks to Snakes
   822 | D:2      | Reached XP level 3. HP: 7/23 MP: 4/6
   841 | D:1      | HP: 1/23 [poisoned by an adder]
  1231 | D:1      | Learned a level 3 spell: Spider Form
  1607 | D:2      | Reached skill level 1 in Poison Magic
  2078 | D:2      | Reached XP level 4. HP: 28/28 MP: 7/7
  2898 | D:3      | Learned a level 1 spell: Confusing Touch
  3214 | D:3      | Reached XP level 5. HP: 29/33 MP: 4/8
  3336 | D:4      | Found a sacrificial altar of Ru.
  3336 | D:4      | Found a stormy altar of Qazlal.
  3336 | D:4      | Found a shattered altar of Ashenzari.
  3343 | D:4      | Became a worshipper of Ru the Awakened
  3869 | D:4      | Reached XP level 6. HP: 25/38 MP: 9/11
  3911 | D:4      | Noticed a phantom
  4389 | D:5      | Entered Level 5 of the Dungeon
  4494 | D:5      | Reached skill level 2 in Fighting
  4494 | D:5      | Reached XP level 7. HP: 12/45 MP: 10/12
  4948 | D:5      | Reached skill level 5 in Unarmed Combat
  5202 | D:5      | Noticed Ijyb
  5213 | D:5      | Killed Ijyb
  5213 | D:5      | Reached skill level 3 in Fighting
  5979 | D:5      | Reached XP level 8. HP: 21/52 MP: 6/13
  6369 | D:5      | Reached skill level 4 in Fighting
  6578 | D:5      | Gained mutation: You are missing a hand. [Ru sacrifice]
  6578 | D:5      | Reached * piety under Ru
  6578 | D:5      | Reached ** piety under Ru
  6578 | D:5      | Reached *** piety under Ru
  6585 | D:5      | Noticed Eustachio
  6841 | D:5      | Reached skill level 5 in Dodging
  6891 | D:5      | Killed Eustachio
  6891 | D:5      | Reached skill level 5 in Fighting
  7443 | D:6      | Noticed Blork the orc
  7525 | D:6      | Killed Blork the orc
  7543 | D:6      | Reached XP level 9. HP: 60/62 MP: 7/14
  7608 | D:5      | Reached skill level 6 in Fighting
  8125 | D:6      | Found a hide-covered altar of Uskayaw.
  8287 | D:7      | Found a flagged portal.
  8464 | D:7      | Reached skill level 7 in Fighting
  8651 | Bailey   | Entered a bailey
  9441 | D:7      | Noticed Duvessa
  9441 | D:7      | Noticed Dowan
  9443 | D:7      | Gained mutation: You cannot be stealthy. [Ru sacrifice]
  9454 | D:7      | Killed Duvessa
  9466 | D:7      | Killed Dowan
  9466 | D:7      | Reached skill level 8 in Fighting
  9634 | D:7      | Found a staircase to the Ecumenical Temple.
  9877 | D:7      | Reached XP level 10. HP: 63/72 MP: 11/15
 10086 | D:7      | Learned a level 4 spell: Ice Form
 10087 | D:8      | Noticed Harold
 10162 | D:8      | Reached skill level 1 in Ice Magic
 10696 | D:8      | Reached skill level 5 in Transmutations
 11494 | D:8      | Killed Harold
 11494 | D:8      | Reached skill level 5 in Spellcasting
 11533 | D:8      | HP: 2/72 [centaur (10)]
 12130 | D:8      | Found Taghahun's Assorted Antiques.
 12138 | D:8      | Bought a scroll of remove curse for 72 gold pieces
 12299 | D:8      | Gained mutation: You are somewhat inexperienced. (-2 XL) [Ru sacrifice]
 12299 | D:8      | Reached XP level 9. HP: 66/66 MP: 25/25
 12299 | D:8      | Reached XP level 8. HP: 61/61 MP: 24/24
 12299 | D:8      | Reached **** piety under Ru
 12299 | D:8      | Reached ***** piety under Ru
 12553 | D:8      | Noticed Psyche
 12561 | D:8      | Killed Psyche
 12561 | D:8      | Reached XP level 9. HP: 59/66 MP: 16/16
 12837 | D:9      | Found Finakk's Weapon Shoppe.
 12837 | D:9      | Found a staircase to the Orcish Mines.
 13410 | D:9      | Noticed a centaur warrior
 13414 | D:9      | Killed a centaur warrior
 13422 | D:9      | Reached XP level 10. HP: 61/73 MP: 17/17
 13454 | D:9      | Reached skill level 9 in Fighting
 13565 | D:9      | Noticed a manticore
 13578 | D:9      | HP: 4/88 [manticore (9)]
 13578 | D:9      | Slain by a manticore

Skill      XL: |  1  2  3  4  5  6  7  8  9 10 |
---------------+-------------------------------+-----
Unarmed Combat | 4 5 6 8 |  8.1
Poison Magic   | 1 2 |  2.0
Transmutations | 3 4 7 6 |  7.0
Spellcasting   | 3 5 |  5.3
Fighting       | 2 3 5 8 9 |  9.0
Dodging        | 3 6 8 |  8.0
Ice Magic      | 4 |  4.0

Action                   |  1- 3 |  4- 6 |  7- 9 | 10-12 || total
-------------------------+-------+-------+-------+-------++-------
Melee: Unarmed           |    69 |   122 |   516 |   225 ||   932
       Constrict         |    18 |    17 |    28 |     6 ||    69
       Tentacles         |     7 |    13 |    16 |     6 ||    42
       Kick              |     5 |     3 |       |       ||     8
       Punch             |     1 |     1 |     1 |       ||     3
 Cast: Beastly Appendage |     4 |     2 |       |       ||     6
       Spider Form       |       |     8 |    47 |    15 ||    70
       Confusing Touch   |       |       |     4 |     1 ||     5
       Ice Form          |       |       |     4 |     2 ||     6
Invok: Sacrifice a Hand  |       |       |     1 |       ||     1
       Sacrifice Experie |       |       |     1 |       ||     1
       Power Leap        |       |       |     1 |       ||     1
       Sacrifice Stealth |       |       |     1 |       ||     1
       Draw Out Power    |       |       |       |     4 ||     4
Evoke: Wand              |       |       |       |     1 ||     1
  Use: Potion            |     1 |       |     2 |     2 ||     5
       Scroll            |       |    13 |     7 |     4 ||    24
 Stab: Sleeping          |     7 |     1 |     1 |       ||     9
       Confused          |       |       |     3 |     1 ||     4
       Invisible         |       |       |     1 |     3 ||     4
       Distracted        |       |       |     1 |       ||     1
       Paralysed         |       |       |     1 |       ||     1
  Eat: Chunk             |     4 |     8 |    20 |     7 ||    39
       Ration            |       |       |     2 |     1 ||     3
Armor: Skin              |     2 |     7 |    79 |    19 ||   107
Dodge: Dodged            |    35 |    71 |   495 |   183 ||   784
